 Dungeon Crawl Stone Soup version 0.16.1-16-gc44b35d (webtiles) character file.

174 barthelme the Bolt Thrower (level 5, 0/31 HPs)
             Began as a Kobold Hunter on Apr 17, 2015.
             Slain by a hound (1 damage)
             ... on level 4 of the Dungeon.
             The game lasted 00:23:04 (2027 turns).

barthelme the Bolt Thrower (Kobold Hunter)          Turns: 2027, Time: 00:23:04

Health: 0/31       AC:  4    Str: 11    XL:     5   Next: 84%
Magic:  5/5        EV: 15    Int:  9    God:
Gold:   108        SH:  0    Dex: 17    Spells: 0 memorised, 4 levels left

rFire  . . .     SeeInvis .     b - +1 hand crossbow
rCold  . . .     Clarity  .     d - +0 leather armour
rNeg   . . .     SustAb   .     (no shield)
rPois  .         Gourm    .     (no helmet)
rElec  .         Spirit   .     (no cloak)
rCorr  .         Warding  .     (no gloves)
rMut   .         Stasis   .     j - +0 pair of boots
MR     .....                    (no amulet)
Stlth  ++........               (no ring)
                                (no ring)

@: not resistant to hostile enchantments, unstealthy
A: carnivore 3
a: no special abilities


You were on level 4 of the Dungeon.
You were not hungry.

You visited 1 branch of the dungeon, and saw 4 of its levels.

You collected 108 gold pieces.

Inventory:

Hand weapons
 a - a +0 short sword
 b - a +1 hand crossbow (weapon)
Missiles
 c - 3 bolts (quivered)
 g - 36 stones
Armour
 d - a +0 leather armour (worn)
 j - a +0 pair of boots (worn)
Scrolls
 e - 2 scrolls of recharging
Potions
 f - a potion of might {unknown}
 k - a potion of lignification {unknown}


   Skills:
 + Level 2.4 Fighting
 + Level 0.6 Short Blades
 + Level 6.8 Crossbows
 + Level 0.3 Throwing
 + Level 1.4 Armour
 + Level 3.3 Dodging
 + Level 1.7 Stealth


You had 4 spell levels left.
You didn't know any spells.

Dungeon Overview and Level Annotations

Branches:
Dungeon (4/15)             Temple (0/1) D:4

Altars:
The Shining One


Innate Abilities, Weirdness & Mutations

You are small and have problems with some larger weapons.
You are carnivorous and can eat meat at any time.


Message History

You shoot a bolt. The bolt hits the hound.
The hound is lightly wounded.
The hound bites you.
* * * LOW HITPOINT WARNING * * *
The hound bites you.
* * * LOW HITPOINT WARNING * * *
Firing (i - inventory. (,) - cycle):
c - 5 bolts (quivered)
Press: ? - help, Shift-Dir - straight line, f/p - hound
Aim: a hound (lightly wounded)
You shoot a bolt. The bolt hits the hound!
The hound is almost dead.
The hound barely misses you. The rat barely misses you.
The hound closely misses you.
Firing (i - inventory. (,) - cycle):
c - 4 bolts (quivered)
Press: ? - help, Shift-Dir - straight line, f/p - hound
Aim: a hound (almost dead)
You shoot a bolt. The bolt hits the hound.
The hound is almost dead.
The hound bites you.
You die...

#.#(.#=#.#..#.#
#...#.#.#.#.#.#
#.#..#.>.#..#.##
#...#.#.#.#....##
#^...#.#.#......#
#.....#.#.....♣.♣ ##
#)..........#.#.# ..
#)###.#######.♣.♣.♣?#
#.# #......@hr......#
##.###########+♣.♣.♣.#
#...# ..# # #...##
.♣r♣ #....## .....
##)...#### .. ...
#..<....+ ... ....
#....#### . ..<..
#.#.## ...


You could see a hound and a rat.

Vanquished Creatures
  An iguana (D:4)
  2 orc wizards (D:4)
  3 adders
  2 gnolls (D:1)
  A giant mite (D:4)
  2 giant geckos
  2 oozes
  5 orcs (D:4)
  4 bats
  A bat skeleton (D:4)
  A giant cockroach (D:3)
  3 goblins
  7 hobgoblins
  6 jackals
  A quokka (D:3)
  2 giant newts
  7 kobolds
  3 rats
  A fungus (D:2)
54 creatures vanquished.

Vanquished Creatures (others)
  A jackal (D:4)
  2 kobolds (D:4)
3 creatures vanquished.

Grand Total: 57 creatures vanquished

Notes
Turn   | Place    | Note
--------------------------------------------------------------
     0 | D:1      | barthelme, the Kobold Hunter, began the quest for the Orb.
     0 | D:1      | Reached XP level 1. HP: 12/12 MP: 1/1
   127 | D:1      | Reached skill level 5 in Crossbows
   157 | D:1      | Reached XP level 2. HP: 17/17 MP: 2/2
   195 | D:1      | Found a glowing golden altar of the Shining One.
   316 | D:1      | Reached XP level 3. HP: 12/21 MP: 3/3
   801 | D:2      | Reached skill level 6 in Crossbows
   851 | D:2      | Reached XP level 4. HP: 27/27 MP: 4/4
  1925 | D:4      | Reached XP level 5. HP: 16/31 MP: 5/5
  1931 | D:4      | Found a staircase to the Ecumenical Temple.
  1968 | D:4      | Reached skill level 1 in Armour
  2024 | D:4      | HP: 1/31 [hound (3)]
  2027 | D:4      | Slain by a hound

Action                   |  1- 3 |  4- 6 || total
-------------------------+-------+-------++-------
Melee: Hand crossbow     |     6 |     9 ||    15
       Short sword       |       |    25 ||    25
 Fire: Hand crossbow     |    65 |    65 ||   130
Throw: Stone             |       |     7 ||     7
  Use: Scroll            |       |     3 ||     3
  Eat: Meat ration       |       |     1 ||     1
